 Dungeon Crawl Stone Soup version 0.30-a0-1016-gfb0d676c02 (webtiles) character file.

Game seed: 4566112605207243073

37 senseless the Insei (level 3, 0/24 HPs)
             Began as an Octopode Transmuter on Apr 6, 2023.
             Splashed by a jelly's acid (9 damage)
             ... on level 2 of the Dungeon.
             The game lasted 00:03:35 (1298 turns).

senseless the Insei (Octopode Transmuter)           Turns: 1298, Time: 00:03:38

Health: 0/24       AC: -3    Str: 17    XL:     3   Next: 39%
Magic:  0/6        EV: 13    Int: 15    God:
Gold:   101        SH:  0    Dex: 12    Spells: 3/6 levels left

rFire   . . .      SeeInvis .      - Unarmed
rCold   + . .      Faith    .    (no shield)
rNeg    . . .      Spirit   +    (helmet currently unavailable)
rPois   +          Reflect  .    j - amulet of guardian spirit
rElec   .          Rampage  .    h - ring of protection from cold
rCorr   .                        l - +6 ring of strength
Will    .....                    o - ring of poison resistance
Stlth   ++                       (no ring)
HPRegen 0.24/turn                (no ring)
MPRegen 0.10/turn                (no ring)
                                 (no ring)
                                 (no ring)

@: appendages (expiring), wereblooded, corroded
A: tentacle spike 3, almost no armour, amphibious, 8 rings, camouflage 1,
gelatinous body 1, (nimble swimmer 1), tentacles
a: End Transformation


You were on level 2 of the Dungeon.
One of your tentacles had grown a beastly spike.
You visited 1 branch of the dungeon, and saw 2 of its levels.

You collected 101 gold pieces.

Inventory:

Hand Weapons
 m - a +0 sling
Missiles
 b - a throwing net
Jewellery
 h - a ring of protection from cold (left tentacle)
 j - an amulet of guardian spirit (around mantle)
 l - a +6 ring of strength (right tentacle)
 o - a ring of poison resistance (on tentacle)
Scrolls
 e - 2 scrolls of teleportation
 g - a scroll of enchant armour
 n - a scroll of enchant weapon {unknown}
Potions
 a - a potion of lignification
 c - 2 potions of haste
 d - 2 potions of magic
 f - a potion of curing {unknown}
 i - a potion of might {unknown}
 k - 2 potions of heal wounds {unknown}


   Skills:
 + Level 1.6 Fighting
 + Level 2.4 Dodging
 + Level 3.2 Unarmed Combat
 + Level 2.3 Spellcasting
 + Level 2.3 Transmutations


You had 3 spell levels left.
You knew the following spells:

 Your Spells              Type           Power      Damage    Failure   Level
a - Beastly Appendage     Tmut           16%        N/A       9%          1
b - Wereblood             Tmut           8%         N/A       12%         2

Your spell library contained the following spells:

 Spells                   Type           Power      Damage    Failure   Level
 Magic Dart               Conj           4%         1d3       22%         1
 Call Imp                 Summ           1%         N/A       32%         2
 Spider Form              Tmut/Pois      5%         N/A       36%         3
 Mephitic Cloud           Conj/Pois/Air  1%         N/A       54%         3
 Ice Form                 Ice/Tmut       5%         N/A       78%         4


Dungeon Overview and Level Annotations

Branches:
Dungeon (2/15)

Altars:
Dithmenos


Innate Abilities, Weirdness & Mutations

One of your tentacles has grown a beastly spike.
You cannot wear most types of armour.
You are amphibious.
You can wear up to eight rings at the same time.
Your skin changes colour to match your surroundings (Stealth+).
Your rubbery body absorbs attacks. (AC +1, EV +1)
((You are camouflaged when in or above water. (Stealth+)))
You have tentacles for arms and can constrict up to eight enemies at once.


Message History

You open the door.
An endoplasm comes into view.
You extend your transformation's duration.
Your transformation is almost over. 7 endoplasms and 2 jellies come into view.
Found four items.
The endoplasm quivers. x3
There is an open door here.
The endoplasm quivers.
Casting: Beastly Appendage (safe; 9% risk of failure)
Confirm with . or Enter, or press ? or * to list all spells.
Your blood is infused with primal strength.
The endoplasm quivers.
The endoplasm freezes you.
You are frozen.
You resist.
The endoplasm hits the fungus.
The fungus begins to die.
The jelly quivers.
You tentacle-slap the endoplasm. You squeeze the endoplasm.
You kill the endoplasm!
You tentacle-slap the endoplasm.
You kill the endoplasm!
The endoplasm hits the fungus.
You barely miss the endoplasm. The endoplasm freezes you.
You are frozen.
You resist.
You bludgeon the jelly! The acid corrodes you!
Your tentacles burn!
You pierce the jelly, but do no damage.
The jelly is heavily wounded.
The jelly hits you.
You are splashed with acid!
The endoplasm hits you. The endoplasm closely misses you.
You are too injured to fight recklessly!
You are too injured to fight recklessly!
You tentacle-slap the endoplasm but do no damage.
You pierce the endoplasm.
The endoplasm is heavily wounded.
You howl as the wereblood boils in your veins!
The endoplasm quivers. x2; The jelly quivers.
A nearby fungus withers and dies.
The jelly hits you.
You are splashed with acid!
You die...

##.# #######.##..÷..$##.#
#
#..###....#.#.#PJ.P..##.#
#
#..##.....#.#.#÷..J..##.#
#.))).....#'#)#.PP..P##.#
#..'......(.#.#J÷....##..
##.'........#.#.P....#
#.##.......#.#.J÷..J#
#####......##JPJ.PP.#
##########@J....#
########


You could see 2 jellies and 6 endoplasms.

Vanquished Creatures
  8 endoplasms
  A giant cockroach (D:2)
  2 goblins (D:1)
  2 hobgoblins
  8 kobolds (D:2)
  3 quokkas
  4 ball pythons
  A bat (D:2)
  3 frilled lizards
32 creatures vanquished.

Vanquished Creatures (others)
  A fungus (D:2)
  8 toadstools (D:2)
9 creatures vanquished.

Grand Total: 41 creatures vanquished

Notes
Turn   | Place    | Note
-------+----------+-------------------------------------------
     0 | D:1      | senseless the Octopode Transmuter began the quest for the
                  | Orb.
     0 | D:1      | Reached XP level 1. HP: 13/13 MP: 3/3
   127 | D:1      | Reached XP level 2. HP: 16/18 MP: 3/5
   198 | D:1      | Learned a level 2 spell: Wereblood
   840 | D:2      | Found a shadowy altar of Dithmenos.
  1054 | D:2      | Reached XP level 3. HP: 23/23 MP: 3/6
  1298 | D:2      | Splashed by a jelly's acid

Illustrated notes

Levels and vault maps discovered:
D:1:      shiori_angband_town, layout_rooms
D:2:      cheibrodos_fertilizer, layout_basic, basic_altar

Action                     || total
---------------------------++-------
  Melee: Unarmed           ||    59
         Constrict         ||    14
         Kick              ||    14
         Tentacles         ||     9
         Punch             ||     2
   Cast: Beastly Appendage ||    22
         Wereblood         ||     8
    Use: Scroll            ||     5
   Stab: Sleeping          ||     3
 Armour: Skin              ||     3
  Dodge: Dodged            ||    25

Table legend: (Time is in decaauts)
 A = Elapsed time spent in this place.
 B = Non-inter-level travel time spent in this place.
 C = Inter-level travel time spent in this place.
 D = Time resting spent in this place.
 E = Time spent auto-exploring this place.
 F = Levels seen in this place.
 G = Mean time per level.
                   A        B        C        D        E       F      G
               +--------+--------+--------+--------+--------+-----+--------+
         Total |   1293 |   1175 |    118 |      2 |    929 |   2 |  646.5 |
       Dungeon |   1293 |   1175 |    118 |      2 |    929 |   2 |  646.5 |
               +--------+--------+--------+--------+--------+-----+--------+

Top non-repeatable levels by time:
     D:1: 767 daAuts
     D:2: 525 daAuts
